 Dungeon Crawl Stone Soup version 0.19-a0-1096-g8280678 (webtiles) character file.

12 AlphabetPasta the Caller (level 2, -3/19 HPs)
             Began as a Mummy Summoner on Aug 8, 2016.
             Slain by a gnoll
             ... wielding a +0 halberd
              (9 damage)
             ... on level 1 of the Dungeon.
             The game lasted 00:02:44 (413 turns).

AlphabetPasta the Caller (Mummy Summoner)            Turns: 413, Time: 00:02:45

Health: -3/19      AC:  2    Str: 11    XL:     2   Next: 20%
Magic:  2/5        EV: 12    Int: 14    God:
Gold:   21         SH:  0    Dex: 12    Spells: 2 memorised, 2 levels left

rFire  x . .     SeeInvis .     (no weapon)
rCold  + . .     Gourm    .     a - +0 robe
rNeg   + + +     Faith    .     (no shield)
rPois  ∞         Spirit   .     (no helmet)
rElec  .         Dismiss  .     (no cloak)
rCorr  .         Reflect  .     (no gloves)
SustAt .         Harm     .     (no boots)
MR     .....                    (no amulet)
Stlth  ++........               (no ring)
                                (no ring)

@:
A: no food or potions, fire vulnerability, cold resistance 1, negative energy
resistance 3, torment resistance, unbreathing
a: no special abilities


You were on level 1 of the Dungeon.
You were not hungry.

You visited 1 branch of the dungeon, and saw 1 of its levels.

You collected 21 gold pieces.

Inventory:

Armour
 a - a +0 robe (worn)
Scrolls
 c - a scroll of immolation {unknown}
 d - a scroll of teleportation {unknown}
Books
 b - a book of Callings

   Spells                             Type                      Level
   a - Summon Small Mammal            Summoning                    1
   b - Call Imp                       Summoning                    2
   c - Call Canine Familiar           Summoning                    3
   d - Summon Guardian Golem          Hexes/Summoning              3
   e - Summon Lightning Spire         Summoning/Air                4
   f - Summon Ice Beast               Ice/Summoning                4


   Skills:
 + Level 1.9 Dodging
 - Level 1.5 Stealth
 + Level 2.1 Spellcasting
 * Level 3.5 Summonings


You had 2 spell levels left.
You knew the following spells:

 Your Spells              Type           Power        Failure   Level  Hunger
a - Summon Small Mammal   Summ           ##..         6%          1    N/A
b - Call Imp              Summ           ##......     10%         2    N/A

Dungeon Overview and Level Annotations

Branches:
Dungeon (1/15)

Altars:


Innate Abilities, Weirdness & Mutations

You do not eat or drink.
Your flesh is vulnerable to fire.
You are immune to poison.
Your flesh is cold resistant. (rC+)
You are immune to negative energy. (rN+++)
You are immune to unholy pain and torment.
You can survive without breathing.


Message History

Casting: Call Imp
Confirm with . or Enter, or press ? or * to list all spells.
The gnoll closely misses you.
Casting: Summon Small Mammal
Confirm with . or Enter, or press ? or * to list all spells.
Your rat bites the gnoll but does no damage.
The gnoll hits you from afar with a halberd!
Ouch! That really hurt!
Your crimson imp hits the gnoll but does no damage.
A goblin comes into view. It is wielding a dagger.
A rat comes into view.
The rat moves out of view.
Your crimson imp hits the gnoll.
Your rat bites the gnoll but does no damage.
Your rat barely misses the hobgoblin.
Your rat bites the gnoll.
Your crimson imp hits the gnoll.
You hit the hobgoblin.
The hobgoblin is heavily wounded.
The hobgoblin barely misses you.
The gnoll hits you from afar with a halberd!
You die...

#.#######.# #.....g #.b.#
#.####.#..... ###.# #.##.....#
.## #.# #.##.#...#....
#.#####!##.#...#..#
#.....#....#...g..##
#####.#####5gr......
#....##....g.......
###.#..#..###@r......
#...>.......#....##..
##.####.#....##.......
#.......#.....############
###..###..#......§§§.......##
..................§≈≈≈≈.....#
...
###..###.........≈§≈≈≈≈≈....#
..#
#..............≈≈?>?≈≈...<#...#
#..###.#.#.....≈≈§§≈≈≈....#.#.#


You could see a gnoll, a hobgoblin, a goblin, a friendly crimson imp and 2
friendly rats.

Vanquished Creatures
  A dart slug (D:1)
  A giant cockroach (D:1)
  2 goblins (D:1)
  A hobgoblin (D:1)
  A bat (D:1)
6 creatures vanquished.

Vanquished Creatures (collateral kills)
  A ball python (D:1)
  A giant cockroach (D:1)
  A giant newt (D:1)
  A kobold (D:1)
  A rat (D:1)
5 creatures vanquished.

Grand Total: 11 creatures vanquished

Notes
Turn   | Place    | Note
-------+----------+-------------------------------------------
     0 | D:1      | AlphabetPasta the Mummy Summoner began the quest for the Orb.
     0 | D:1      | Reached XP level 1. HP: 13/13 MP: 3/3
   251 | D:1      | Reached XP level 2. HP: 17/19 MP: 1/5
   255 | D:1      | Learned a level 2 spell: Call Imp
   413 | D:1      | Slain by a gnoll

Vault maps used:
D:1:      lemuel_arrival_lava_pool

Action                   || total
-------------------------++-------
Melee: Unarmed           ||    29
 Cast: Summon Small Mamm ||    11
       Call Imp          ||     1
 Stab: Sleeping          ||     2
Armor: Robe              ||     6
Dodge: Dodged            ||    20
